 Dungeon Crawl Stone Soup version 0.27.1-1-g398f81649c (webtiles) character file.

Game seed: 15546369020524517293

161 H0rd4k the Insei (level 5, -6/33 HPs)
             Began as an Octopode Transmuter on Sept 7, 2021.
             Mangled by an orc (7 damage)
             ... on level 3 of the Dungeon.
             The game lasted 00:03:53 (3702 turns).

H0rd4k the Insei (Octopode Transmuter)              Turns: 3702, Time: 00:03:55

Health: -6/33      AC:  1    Str: 10    XL:     5   Next: 42%
Magic:  5/9        EV: 13    Int: 16    God:
Gold:   148        SH:  0    Dex: 12    Spells: 6/10 levels left

rFire    . . .     SeeInvis .     - Unarmed
rCold    . . .     Faith    .   (no shield)
rNeg     . . .     Spirit   .   (helmet restricted)
rPois    .         Reflect  .   (no amulet)
rElec    .         Harm     .   (no ring)
rCorr    .         Rampage  .   (no ring)
Will     .....                  (no ring)
Stlth    ++........             (no ring)
HPRegen  0.11/turn              (no ring)
MPRegen  0.11/turn              (no ring)
                                (no ring)
                                (no ring)

@: very slightly contaminated
A: almost no armour, amphibious, 8 rings, camouflage 1, gelatinous body 1,
(nimble swimmer 1), tentacles
a: no special abilities


You were on level 3 of the Dungeon.
You visited 1 branch of the dungeon, and saw 3 of its levels.

You collected 148 gold pieces.

Inventory:

Missiles
 j - 20 poisoned darts
Scrolls
 b - a scroll of magic mapping {unknown}
 c - 2 scrolls of blinking {unknown}
 e - a scroll of amnesia {unknown}
 h - a scroll of identify {unknown}
Potions
 a - a potion of might {unknown}
 d - 3 potions of mutation {unknown}
 f - a potion of haste {unknown}
 g - 2 potions of curing {unknown}
 i - a potion of degeneration {unknown}
 k - a potion of heal wounds {unknown}


   Skills:
 + Level 1.1 Fighting
 + Level 2.5 Dodging
 + Level 4.4 Unarmed Combat
 * Level 3.0 Spellcasting
 * Level 3.0 Transmutations
 + Level 0.2 Poison Magic


You had 6 spell levels left.
You knew the following spells:

 Your Spells              Type           Power      Damage    Failure   Level
a - Beastly Appendage     Tmut           24%        N/A       5%          1
b - Spider Form           Tmut/Pois      3%         N/A       28%         3

Your spell library contained the following spells:

 Spells                   Type           Power      Damage    Failure   Level
 Wereblood                Tmut           12%        N/A       9%          2
 Ice Form                 Ice/Tmut       7%         N/A       69%         4


Dungeon Overview and Level Annotations

Branches:
Dungeon (3/15)

Altars:
Uskayaw

Annotations:
D:3 1 runed translucent door, Crazy Yiuf, Ijyb


Innate Abilities, Weirdness & Mutations

You cannot wear most types of armour.
You are amphibious.
You can wear up to eight rings at the same time.
Your skin changes colour to match your surroundings (Stealth+).
Your rubbery body absorbs attacks. (AC +1, EV +1)
((You are camouflaged near water. (Stealth+)))
You have tentacles for arms and can constrict up to eight enemies at once.


Message History

The orc is severely wounded.
You kill the orc!
The orc priest mumbles some strange prayers to Beogh against you.
Pain shoots through your body!
You kill the orc priest!
Ijyb screams, "Me kill you!"
Your Spellcasting skill increases to level 3!
Your Transmutations skill increases to level 3!
Things that are here:
a +0 club; a +0 whip; an orc corpse You bite the endoplasm!
You kill the endoplasm!
The orc closely misses you. Ijyb misses you. The goblin misses you.
You see here a +0 dagger.
You hit Ijyb but do no damage. The orc barely misses you. Ijyb misses you.
The goblin hits you but does no damage.
You hit Ijyb but do no damage.
Ijyb is poisoned.
The orc misses you. Ijyb misses you.
You completely miss Ijyb.
Your transformation has ended.
The goblin hits you with a +0 club. The orc hits you with a +0 hand axe.
Ijyb hits you with a +0 club.
You closely miss Ijyb. Your grab misses Ijyb.
Ijyb is lightly wounded.
The goblin closely misses you. The orc misses you. Ijyb misses you.
You tentacle-slap Ijyb. Your grab misses Ijyb.
Ijyb is moderately wounded.
The goblin hits you with a +0 club. The orc barely misses you.
You closely miss Ijyb. You grab Ijyb.
Ijyb is moderately wounded.
You constrict Ijyb, but do no damage. Ijyb hits you with a +0 club.
* * * LOW HITPOINT WARNING * * *
The goblin completely misses you. The orc barely misses you.
You tentacle-slap Ijyb but do no damage.
Ijyb is moderately wounded.
You constrict Ijyb, but do no damage. Ijyb barely misses you.
The goblin hits you with a +0 club.
* * * LOW HITPOINT WARNING * * *
The orc hits you with a +0 hand axe!
You die...

#.##...###
###..#.#.#...#)#
#.....##
#...#.##...#.##.##..
####..#
'.gg'..'......#.#...
#....##
#.gg#.##...##.#.#.#.
#.##..### #
#..#....#.#.#. #.
##...#
#...##.##.#'#.#. #
###.## #..#
#........#.
#..###g..##########...
##).)@g...# ###.
#####o....# #. ......#
....... g..# .......
.... ....... ...#
......# .....##


You could see Ijyb (poisoned), an orc and a goblin.

Vanquished Creatures
  An orc priest (D:3)
  Terence (D:2)
  2 adders
  A worm (D:2)
  2 dart slugs
  8 orcs (D:3)
  3 ball pythons
  3 bats
  9 endoplasms
  3 giant cockroaches
  13 goblins
  5 hobgoblins
  2 jackals (D:2)
  4 quokkas
  A frilled lizard (D:3)
  4 kobolds
  3 rats
65 creatures vanquished.

Notes
Turn   | Place    | Note
-------+----------+-------------------------------------------
     0 | D:1      | H0rd4k the Octopode Transmuter began the quest for the Orb.
     0 | D:1      | Reached XP level 1. HP: 13/13 MP: 3/3
   237 | D:1      | Reached XP level 2. HP: 17/18 MP: 5/5
   800 | D:1      | Reached XP level 3. HP: 16/23 MP: 6/6
   807 | D:1      | Learned a level 3 spell: Spider Form
   907 | D:1      | Found a faded altar of an unknown god.
  1813 | D:2      | Noticed Terence
  2222 | D:2      | Killed Terence
  2223 | D:2      | Reached XP level 4. HP: 12/28 MP: 2/8
  2730 | D:3      | Reached skill level 4 in Unarmed Combat
  2863 | D:3      | Noticed Ijyb
  3050 | D:3      | Found a runed translucent door.
  3051 | D:3      | Noticed Crazy Yiuf
  3110 | D:3      | Found a hide-covered altar of Uskayaw.
  3391 | D:3      | Reached XP level 5. HP: 25/33 MP: 9/9
  3702 | D:3      | HP: 1/33 [goblin (5)]
  3702 | D:3      | Mangled by an orc

Illustrated notes

Levels and vault maps discovered:
D:1:      minmay_arrival_stair_chambers, layout_basic,
          ebering_ecumenical_altar_hall, minmay_cupped
D:2:      layout_loops_cross, uniq_terence
D:3:      cheibrodos_greedy_goblins, layout_loops_corners,
          mainiacjoe_overflow_surrounded_room, uniq_ijyb,
          uniq_crazy_yiuf_cottage

Skill      XL: |  1  2  3  4  5 |
---------------+----------------+-----
Unarmed Combat | 4 |  4.4
Spellcasting   | 3 |  3.0
Transmutations | 3 |  3.0
Fighting       | |  1.1
Dodging        | |  2.5
Poison Magic   | |  0.2

Action                   |  1- 3 |  4- 6 || total
-------------------------+-------+-------++-------
Melee: Unarmed           |    76 |    81 ||   157
       Tentacles         |    15 |    10 ||    25
       Punch             |     2 |       ||     2
       Constrict         |    15 |    20 ||    35
 Cast: Spider Form       |     1 |     1 ||     2
       Beastly Appendage |       |     1 ||     1
 Stab: Sleeping          |     5 |     2 ||     7
Armor: Skin              |     4 |     6 ||    10
Dodge: Dodged            |    39 |    60 ||    99
